[Event "*** SCC Grand Prix: Titled Tuesday Blitz"]
[Site "Chess.com"]
[Date "2020.08.04"]
[Round "3"]
[White "louis198"]
[Black "WeAintSurePal"]
[Result "0-1"]
[WhiteElo "2516"]
[BlackElo "2375"]
[TimeControl "180+1"]
[EndTime "14:12:56 PDT"]
[Termination "WeAintSurePal won by resignation"]

1. d4 d5 2. c4 e6 3. Nc3 Nf6 4. Bg5 Be7 5. e3 h6 6. Bh4 Ne4 7. Bxe7 Qxe7 8. Bd3 Nxc3 9. bxc3 Nd7 10. cxd5 exd5 11. Ne2 c6 12. O-O Nf8 13. c4 dxc4 14. Bxc4 Be6 15. Qb3 Bxc4 16. Qxc4 Ne6 17. d5 cxd5 18.
Qxd5 O-O 19. Rab1 b6 20. Rfd1 Rfd8 21. Qe4 Rxd1+ 22. Rxd1 Rd8 23. Rc1 Qa3 24. Qc2 Qd3 25.
g3 Qd5 26. e4 Qh5 27. h4 Qf3 28. Kf1 Nd4 29. Ng1 Qg4 30. Qd3 Ne6 31. Qe3 Rd1+ 32.
Rxd1 Qxd1+ 33. Kg2 Nd4 34. Nf3 Ne2 35. e5 Nc1 36. e6 fxe6 37. Qxe6+ Kh8 38. Ne5 Kh7 39. Qg6+ Kg8 40. Qe6+ Kh7 41. Qf5+ Kg8 42. Qf6 gxf6 0-1

[Event "*** SCC Grand Prix: Titled Tuesday Blitz"]
[Site "Chess.com"]
[Date "2020.08.04"]
[Round "3"]
[White "rasmussvane"]
[Black "12teen"]
[Result "1/2-1/2"]
[WhiteElo "2871"]
[BlackElo "2670"]
[TimeControl "180+1"]
[EndTime "14:12:57 PDT"]
[Termination "Game drawn by repetition"]

1. Nf3 b6 2. g3 Bb7 3. Bg2 d5 4. O-O Nf6 5. d4 e6 6. Ne5 Nbd7 7. c4 Bd6 8. Bf4 Qe7 9. Nc3 c6 10. e3 O-O 11. Rc1 Rfc8 12. Nxd7 Qxd7 13. Be5 Ne8 14.
b3 f6 15. Bxd6 Nxd6 16. e4 dxc4 17. e5 Nf5 18. exf6 cxb3 19. fxg7 b2 20. Rc2 Qxd4 21. Qe2 Nxg7 22. Ne4 Rf8 23. Rxb2 Ba6 24. Rd1 Bxe2 25. Rxd4 Bf3 26. Rd7 Bxe4 27. Bxe4 Rfd8 28. Rxd8+ Rxd8 29. Bxc6 Rd6 30. Be4 h6 31. Rc2 Rd7 32. Kg2 Kf7 33.
Kf3 Kf6 34. Ke3 Ne8 35. f4 Nd6 36. g4 b5 37. h4 Nc4+ 38. Kf3 Nd2+ 39. Ke3 Nc4+ 40. Kf3 Nd2+ 41. Ke3 Nc4+ 1/2-1/2

[Event "*** SCC Grand Prix: Titled Tuesday Blitz"]
[Site "Chess.com"]
[Date "2020.08.04"]
[Round "3"]
[White "rynos0411"]
[Black "abfchess"]
[Result "1-0"]
[WhiteElo "2357"]
[BlackElo "2135"]
[TimeControl "180+1"]
[EndTime "14:12:57 PDT"]
[Termination "rynos0411 won by resignation"]

1. Nf3 d5 2. b3 c6 3. Bb2 Bg4 4. g3 Nd7 5. Bg2 Ngf6 6. O-O e6 7. c4 Be7 8. d3 O-O 9. Nbd2 a5 10. h3 Bh5 11. g4 Bg6 12. Nh4 a4 13. Nxg6 hxg6 14.
Nf3 axb3 15. axb3 Qb6 16. Qc2 Nc5 17. Nd2 Rfd8 18. Bc3 Rxa1 19. Rxa1 dxc4 20. bxc4 Qc7 21. Qb2 Qf4 22. Be5 Qh6 23. Nf3 Nfd7 24. Bd4 f5 25. Be3 Qh7 26. Ng5 Bxg5 27. Bxg5 Re8 28. Be3 fxg4 29.
hxg4 Qh4 30. d4 Na6 31. Qxb7 Nab8 32. f3 e5 33. Bf2 Qf6 34. Rd1 exd4 35. Rxd4 Qf7 36.
e4 Ne5 37. Qxf7+ Kxf7 38. Bg3 Nbd7 39. Kf2 c5 40. Rd5 Ke6 41. g5 Ra8 42. Bh3+ Ke7 43.
Bxe5 Ra2+ 44. Kg3 1-0

[Event "*** SCC Grand Prix: Titled Tuesday Blitz"]
[Site "Chess.com"]
[Date "2020.08.04"]
[Round "3"]
[White "Fighter008"]
[Black "1stSecond"]
[Result "0-1"]
[WhiteElo "2613"]
[BlackElo "2855"]
[TimeControl "180+1"]
[EndTime "14:12:58 PDT"]
[Termination "1stSecond won by resignation"]

1. e4 e5 2. Nf3 Nc6 3. Nc3 Nf6 4. Bb5 Bb4 5. O-O d6 6. Nd5 Bc5 7. d4 exd4 8. Bg5 a6 9. Be2 Be6 10. Nxf6+ gxf6 11. Bh4 Rg8 12. Qd2 Qe7 13. a3 Bg4 14. Qf4 Rg6 15. b4 Bb6 16. Rfd1 Ne5 17. a4 Nxf3+ 18.
Bxf3 Qe5 19. Qxe5+ fxe5 20. Rd3 Bxf3 21. Rxf3 Rg4 22.
Rg3 Rxg3 23. hxg3 a5 24. b5 Kd7 25. Kf1 Rg8 26. Ke2 Ke6 27. Kd3 d5 28. f3 h5 29. Rh1 f5 30. Re1 fxe4+ 31. fxe4 Rg4 32. Re2 dxe4+ 33. Rxe4 Kd5 34. Re1 e4+ 35. Ke2 Kc4 36.
Rf1 d3+ 37. cxd3+ exd3+ 38. Kd2 Re4 39. Rf7 Re2+ 40. Kd1 Rxg2 41. Rh7 Be3 42. Rxc7+ Kb3 43. g4 Rg1+ 44. Be1 d2 0-1

[Event "*** SCC Grand Prix: Titled Tuesday Blitz"]
[Site "Chess.com"]
[Date "2020.08.04"]
[Round "3"]
[White "Ermito2020"]
[Black "eightbyeightchess"]
[Result "1-0"]
[WhiteElo "2673"]
[BlackElo "2419"]
[TimeControl "180+1"]
[EndTime "14:12:59 PDT"]
[Termination "Ermito2020 won by resignation"]

1. e4 d5 2. exd5 Nf6 3. Nf3 Bg4 4. h3 Bxf3 5. Qxf3 Qxd5 6. Qxd5 Nxd5 7. Nc3 Nxc3 8.
bxc3 g6 9. d3 Bg7 10. Bd2 O-O 11. Rb1 b6 12. g3 Nd7 13. Bg2 Rad8 14. O-O Nc5 15. Rfe1 e6 16. c4 a5 17. Bf4 Rd7 18. Bc6 Re7 19. Be3 Na6 20. a3 Nb8 21. Bg2 Nd7 22.
Rb5 h6 23. h4 Rd8 24. Kf1 Nb8 25. c5 Rc8 26. c4 Nd7 27. cxb6 cxb6 28. Bxb6 Nxb6 29.
Rxb6 Rd7 30. Ke2 Bd4 31. Rb5 Bc3 32. Rc1 Bf6 33. Rxa5 Rcd8 34. Rd1 Rb8 35. Rb5 Rbd8 36. a4 Ra7 37. a5 Bc3 38. c5 Rxa5 39. Rxa5 Bxa5 40.
c6 Kf8 41. Ra1 Bb6 42. Ra6 Bc7 43. Ra7 Bd6 44. d4 Kg7 45. d5 exd5 46. Bxd5 Kf6 47. Rxf7+ Ke5 48. Bg2 Bb4 49. Bh3 Rd2+ 50. Ke3 Rc2 51.
c7 Bc5+ 52. Kd3 1-0

[Event "*** SCC Grand Prix: Titled Tuesday Blitz"]
[Site "Chess.com"]
[Date "2020.08.04"]
[Round "3"]
[White "ailime26"]
[Black "ketster"]
[Result "0-1"]
[WhiteElo "1885"]
[BlackElo "2380"]
[TimeControl "180+1"]
[EndTime "14:12:59 PDT"]
[Termination "ketster won by resignation"]

1. e4 e5 2. Nf3 Nc6 3. Nc3 Nf6 4. d4 exd4 5. Nxd4 Bb4 6. Nxc6 bxc6 7. Bd3 d5 8. exd5 cxd5 9. O-O O-O 10. Bg5 c6 11.
Qf3 Bd6 12. Rfe1 Rb8 13. b3 Bb4 14. a3 Bxc3 15. Bxh7+ Kxh7 16. Qxc3 Ne4 17. Rxe4 Qxg5 18. Re3 Bd7 19. Rae1 Rfe8 20. Re5 Qf6 21. Qg3 Rxe5 22. Rxe5 Re8 23. Rh5+ Kg8 24. h3 Bf5 25. c3 Bg6 26. Rh4 Be4 27. Rh5 g6 28. Rh6 Kg7 29. Rh5 Bc2 30. b4 Re1+ 31. Kh2 Re2 32. f3 Qxc3 33. Rh4 Qe5 34. f4 Qf6 35. Rg4 Be4 36. Rg5 Rxg2+ 37. Qxg2 Bxg2 38. Kxg2 Qxf4 39. Rg3 Qd2+ 0-1

[Event "*** SCC Grand Prix: Titled Tuesday Blitz"]
[Site "Chess.com"]
[Date "2020.08.04"]
[Round "3"]
[White "goofypenguin96"]
[Black "aljado"]
[Result "0-1"]
[WhiteElo "2315"]
[BlackElo "2127"]
[TimeControl "180+1"]
[EndTime "14:12:59 PDT"]
[Termination "aljado won by checkmate"]

1. e4 c5 2. Nf3 e6 3. c3 d5 4.
exd5 Qxd5 5. d4 Nc6 6. Be2 cxd4 7. cxd4 Nf6 8. Nc3 Bb4 9. O-O Bxc3 10. bxc3 O-O 11. Bf4 b6 12. Ne5 Nxe5 13. Bxe5 Bb7 14.
Bf3 Qd7 15. Bxf6 gxf6 16. Bxb7 Qxb7 17. Qh5 Qe4 18. Rae1 Qg6 19. Qh4 Kh8 20. Re3 Rg8 21.
Rg3 Qf5 22. Re1 Rac8 23. Rxg8+ Rxg8 24. g3 Qf3 25. Re3 Qd1+ 26. Kg2 Rg6 27. Rf3 Kg7 28. Qf4 Qa4 29. h4 h5 30. Qd2 Qc6 31. Qe3 Qa4 32. d5 exd5 33. Rf5 Qxh4 34. Rxd5 Qg4 35. Rd4 Qf5 36.
Kh2 Rg4 37. Rd8 Re4 38. Qd2 Qf3 39. Rd3 Qf5 40. Kg2 h4 41. Rd5 h3+ 42. Kh2 Qf3 43. Rg5+ fxg5 44. Qxg5+ Kf8 45. Qd8+ Re8 46. Qd6+ Kg8 47.
Qd4 Qg2# 0-1

[Event "*** SCC Grand Prix: Titled Tuesday Blitz"]
[Site "Chess.com"]
[Date "2020.08.04"]
[Round "3"]
[White "chess_rehab"]
[Black "Euge_chess"]
[Result "0-1"]
[WhiteElo "2287"]
[BlackElo "2046"]
[TimeControl "180+1"]
[EndTime "14:12:59 PDT"]
[Termination "Euge_chess won by checkmate"]

1. e4 e5 2. Nf3 Nc6 3. Bc4 Nf6 4. d4 exd4 5. O-O Nxe4 6. Nc3 d5 7. Nxd5 Be6 8. Re1 Bxd5 9. Bxd5 Qxd5 10. Ng5 O-O-O 11.
Nxe4 f6 12. Ng3 Bb4 13. Bd2 Bxd2 14. Qxd2 Rhe8 15. Rxe8 Rxe8 16. Re1 Rxe1+ 17. Qxe1 Qe5 18. Qd2 Ne7 19. h3 c5 20. a4 b6 21. a5 Nc6 22.
axb6 axb6 23. Qd3 Kb7 24. Qxh7 Qe1+ 25. Kh2 Qe7 26. h4 Nb4 27. Nf5 Qc7+ 28. g3 Nxc2 29. Nxg7 Nb4 30. Qe4+ Ka7 31. Ne6 Qe7 32. h5 d3 33.
Nxc5 Qxc5 34. Qh7+ Ka6 35. h6 d2 36. Qg8 d1=Q 37.
Qa8+ Kb5 38. Qe8+ Qc6 39. Qg6 Qdh1# 0-1

[Event "*** SCC Grand Prix: Titled Tuesday Blitz"]
[Site "Chess.com"]
[Date "2020.08.04"]
[Round "3"]
[White "diablanni"]
[Black "LimaRR"]
[Result "1-0"]
[WhiteElo "2310"]
[BlackElo "2068"]
[TimeControl "180+1"]
[EndTime "14:13:01 PDT"]
[Termination "diablanni won on time"]

1. e4 c5 2. Nf3 e6 3. d4 cxd4 4.
Nxd4 a6 5. c4 Nc6 6. Nc3 Qc7 7.
Be3 Nf6 8. a3 Be7 9. Be2 O-O 10.
Rc1 d6 11. O-O Bd7 12. f3 Rfe8 13. Qd2 Ne5 14. b3 Rac8 15. Rc2 Qb8 16. Kh1 b5 17. cxb5 axb5 18. Ndxb5 d5 19. exd5 exd5 20. Rfc1 Bf5 21. Ra2 Nc6 22. b4 Bf8 23. Nd4 Bg6 24. Nxc6 Rxc6 25.
b5 Rce6 26. Bd4 Nd7 27. a4 Ne5 28. a5 Nc4 29. Qd1 Ne3 30. Qg1 Nf5 31. b6 1-0

[Event "*** SCC Grand Prix: Titled Tuesday Blitz"]
[Site "Chess.com"]
[Date "2020.08.04"]
[Round "3"]
[White "bascheyaro"]
[Black "vladislavkovalev"]
[Result "0-1"]
[WhiteElo "2706"]
[BlackElo "2889"]
[TimeControl "180+1"]
[EndTime "14:13:03 PDT"]
[Termination "vladislavkovalev won on time"]

1. d4 Nf6 2. Bf4 d5 3. e3 e6 4. c4 Be7 5. Nf3 O-O 6. Nc3 b6 7. cxd5 Nxd5 8. Nxd5 exd5 9. Bd3 c5 10. dxc5 bxc5 11.
O-O Be6 12. b3 Nd7 13. Rc1 h6 14. h3 a5 15. Bb5 Nf6 16. Ne5 Qb6 17. Ba4 Rfd8 18.
Nc6 Re8 19. Nxe7+ Rxe7 20. Qc2 Rc8 21. Qb2 Ne4 22. Rfd1 Nd6 23. Qe5 Nf5 24. Qc3 d4 25.
Qd2 Bd5 26. exd4 Nxd4 27. Re1 Rxe1+ 28. Rxe1 Qb7 29. Be5 Bxg2 30. Bxd4 cxd4 31. Kh2 Rc3 32. Re8+ Kh7 33. Re3 dxe3 34. Qxc3 exf2 35. Qc2+ Be4 36.
Qxf2 Qc7+ 37. Kg1 Qc1+ 38. Qf1 Qg5+ 39. Kh2 Qe5+ 40. Kg1 Qg3+ 0-1

[Event "*** SCC Grand Prix: Titled Tuesday Blitz"]
[Site "Chess.com"]
[Date "2020.08.04"]
[Round "3"]
[White "djano"]
[Black "crescentmoon2411"]
[Result "1/2-1/2"]
[WhiteElo "2433"]
[BlackElo "2787"]
[TimeControl "180+1"]
[EndTime "14:13:04 PDT"]
[Termination "Game drawn by repetition"]

1. d4 Nf6 2. Nf3 e6 3. Bf4 c5 4. e3 Nc6 5. Nbd2 d5 6. c3 cxd4 7. exd4 Nh5 8. Be3 g6 9. Ne5 Bg7 10. Ndf3 O-O 11. g4 Nf6 12. h4 Ne4 13. h5 f6 14. Nxc6 bxc6 15. hxg6 hxg6 16. Bd3 e5 17.
Nd2 Nxd2 18. Qxd2 e4 19. Be2 Kf7 20. O-O-O Be6 21. Kb1 Rh8 22. f3 exf3 23. Bxf3 Qd7 24. Rhg1 Rh3 25. Rdf1 Rah8 26. Rf2 Kg8 27. a3 R8h4 28.
Qe2 Qc8 29. Ka1 f5 30. Bg5 Rh7 31. Re1 fxg4 32. Bg2 Bf5 33. Bxh3 Rxh3 34. Qe8+ Qxe8 35. Rxe8+ Kh7 36. Re7 Kg8 37. Re8+ Kh7 38. Re7 Kg8 39. Re8+ 1/2-1/2

[Event "*** SCC Grand Prix: Titled Tuesday Blitz"]
[Site "Chess.com"]
[Date "2020.08.04"]
[Round "3"]
[White "maxip32"]
[Black "icychess54"]
[Result "1-0"]
[WhiteElo "2462"]
[BlackElo "2272"]
[TimeControl "180+1"]
[EndTime "14:13:05 PDT"]
[Termination "maxip32 won by resignation"]

1. e4 c5 2. Nf3 d6 3. d4 cxd4 4. Nxd4 Nf6 5. Nc3 Nc6 6. Bg5 e6 7. Qd2 h6 8. Nxc6 bxc6 9. Bf4 e5 10. Be3 Ng4 11. Bc4 Nxe3 12. Qxe3 Be7 13. g3 O-O 14.
O-O-O Be6 15. Bxe6 fxe6 16. Kb1 Qb6 17. Qxb6 axb6 18. Rhf1 Rf3 19. Rd3 Raf8 20. Rxf3 Rxf3 21. Kc1 d5 22. Kd1 Bb4 23. Ke2 Rf7 24. Nb1 dxe4 25. c3 Bc5 26. Nd2 e3 27. fxe3 Rxf1 28. Nxf1 Kf7 29. Kf3 Ke7 30. Ke4 Bd6 31. Nd2 b5 32. b3 Bc7 33. a4 bxa4 34. bxa4 Kd6 35.
Nc4+ Kc5 36. Nxe5 Ba5 37. Kd3 Bc7 38. Nd7+ Kd6 39. Nf8 g5 40. Kc4 Ke7 41. Nh7 Kf7 42. Kc5 Ba5 43. c4 Kg7 44. Kxc6 Kxh7 45. Kb5 Bd2 46.
e4 Kg7 47. a5 Be3 48. c5 Kf7 49. a6 Ke7 50. a7 Bxc5 51. Kxc5 1-0

[Event "*** SCC Grand Prix: Titled Tuesday Blitz"]
[Site "Chess.com"]
[Date "2020.08.04"]
[Round "3"]
[White "serena-maria"]
[Black "StockholmMissile"]
[Result "0-1"]
[WhiteElo "2246"]
[BlackElo "2468"]
[TimeControl "180+1"]
[EndTime "14:13:05 PDT"]
[Termination "StockholmMissile won by checkmate"]

1. Nf3 d5 2. g3 Nf6 3. Bg2 c6 4. O-O Bg4 5. h3 Bh5 6. d4 e6 7. c4 Nbd7 8. cxd5 exd5 9. Qb3 Qb6 10. Qe3+ Be7 11. Nh4 Bg6 12. Nc3 Qd8 13. f4 h6 14.
Nxg6 fxg6 15. Qd3 Kf7 16. g4 Re8 17. g5 Nh5 18. gxh6 gxh6 19. f5 g5 20. Qf3 Ndf6 21. e4 dxe4 22. Nxe4 Qxd4+ 23. Nf2 Bd6 24. Rd1 Qe5 25.
Qb3+ Kg7 26. Rxd6 Qxd6 27. Qxb7+ Qe7 28. Qxe7+ Rxe7 29. Bxc6 Rc8 30. Bf3 Re1+ 31. Kg2 Rcxc1 32. Rxc1 Rxc1 33. Nd3 Nf4+ 34. Nxf4 gxf4 35. b4 Rc2+ 36. Kf1 Rxa2 37. b5 Rb2 38. Bc6 Nh5 39. h4 Ng3+ 40.
Kg1 Kf6 41. b6 axb6 42. h5 b5 43. Bd5 b4 44. Bf7 Kxf5 45. Be6+ Ke5 46. Ba2 Ne2+ 47.
Kf2 Rxa2 48. Kf3 b3 49. Kg4 b2 50. Kf3 b1=Q 51. Kg4 Qg1+ 52. Kf3 Qg3# 0-1

[Event "*** SCC Grand Prix: Titled Tuesday Blitz"]
[Site "Chess.com"]
[Date "2020.08.04"]
[Round "3"]
[White "TST2014"]
[Black "dretch"]
[Result "1-0"]
[WhiteElo "2538"]
[BlackElo "2797"]
[TimeControl "180+1"]
[EndTime "14:13:06 PDT"]
[Termination "TST2014 won on time"]

1. d4 d5 2. c4 c6 3. Nf3 Nf6 4.
Nc3 dxc4 5. a4 Bf5 6. Ne5 Nbd7 7. Nxc4 Nb6 8. Ne5 a5 9. g3 e6 10. Bg2 Bb4 11. O-O O-O 12. e3 h6 13. Qe2 Bh7 14. Rd1 Qe7 15. Bd2 Rfd8 16. Be1 Nfd7 17. Nd3 e5 18. Nxb4 axb4 19. Na2 exd4 20. Rxd4 c5 21. Rdd1 Ne5 22. Rxd8+ Qxd8 23. a5 Bd3 24. Qh5 Nbc4 25. b3 g6 26. Qxh6 Nxa5 27. Nc1 Bc2 28. Qf4 Nd3 29.
Nxd3 Bxd3 30. Rd1 Nxb3 31. Bf1 c4 32. Bxb4 Qd5 33. Bc3 Qe6 34. Qh4 f6 35. Bxf6 Ra6 36.
Qh8+ Kf7 37. Qg7+ Ke8 38. Bg5 Rd6 39. Bh3 1-0

[Event "*** SCC Grand Prix: Titled Tuesday Blitz"]
[Site "Chess.com"]
[Date "2020.08.04"]
[Round "3"]
[White "Zarikovs1999"]
[Black "Resignify"]
[Result "1-0"]
[WhiteElo "2370"]
[BlackElo "2201"]
[TimeControl "180+1"]
[EndTime "14:13:07 PDT"]
[Termination "Zarikovs1999 won on time"]

1. e4 d6 2. d4 Nf6 3. Nc3 g6 4. Be3 c6 5. Qd2 b5 6. Bd3 Qc7 7. Nf3 Nbd7 8. O-O Bg7 9. Bh6 O-O 10. Ne2 e5 11. c3 Re8 12. Bxg7 Kxg7 13. Ng3 h6 14. Nh4 Nf8 15. f4 N8h7 16. Nf3 exf4 17.
Qxf4 Qe7 18. a4 bxa4 19. Rxa4 Bg4 20. e5 dxe5 21. dxe5 Nd5 22. Qxg4 Ne3 23. Qf4 Nxf1 24. Bxf1 Ng5 25. Nxg5 hxg5 26. Qf6+ Qxf6 27. exf6+ Kxf6 28. Ne4+ Kg7 29. Nxg5 Re5 30. Nf3 Re7 31. Ra6 Rb8 32.
b4 c5 33. bxc5 Rc7 34. c6 Rb6 35. Rxb6 axb6 36. Nd4 Kf6 37. Bb5 Ke5 38. Kf1 f5 39.
Ke2 g5 40. Kf2 Kf6 41. Kf3 Re7 42. g4 fxg4+ 43. Kxg4 Rc7 44. Kf3 Rh7 45. Ke4 Rc7 46. Kd5 Rc8 47. Kd6 Rh8 48. c7 Kf7 49. Nc6 1-0

[Event "*** SCC Grand Prix: Titled Tuesday Blitz"]
[Site "Chess.com"]
[Date "2020.08.04"]
[Round "3"]
[White "DryCounty"]
[Black "chessuriel"]
[Result "1-0"]
[WhiteElo "2612"]
[BlackElo "2269"]
[TimeControl "180+1"]
[EndTime "14:13:08 PDT"]
[Termination "DryCounty won by resignation"]

1. e4 c5 2. Nf3 e6 3. d4 cxd4 4. Nxd4 Nc6 5. Nc3 Qc7 6. g3 a6 7.
Bg2 Nf6 8. O-O Nxd4 9. Qxd4 Bc5 10. Bf4 d6 11. Qd2 h6 12. Rad1 e5 13. Be3 O-O 14.
Bxc5 dxc5 15. Qd6 Qxd6 16. Rxd6 Be6 17. Rfd1 b5 18. f4 b4 19. Na4 Bxa2 20. Ra1 b3 21. c3 Rfd8 22. fxe5 Ng4 23. Nxc5 Nxe5 24. Rad1 Rxd6 25.
Rxd6 a5 26. Bf1 a4 27. Rb6 a3 28. bxa3 Rxa3 29. c4 Nf3+ 30. Kf2 Nd4 31. Nd3 Ra5 32. Ke3 Nc2+ 33. Kd2 Ra8 34. Kc3 Rd8 35. c5 Ne3 36.
Be2 f5 37. c6 fxe4 38. Nf4 g5 39. c7 Rf8 40. Rb8 gxf4 41. Rxf8+ Kxf8 42. c8=Q+ Kg7 43. gxf4 Nd5+ 44. Kd4 Nxf4 45. Qc7+ Kg6 46. Qxf4 1-0

[Event "*** SCC Grand Prix: Titled Tuesday Blitz"]
[Site "Chess.com"]
[Date "2020.08.04"]
[Round "3"]
[White "keepitcool9499"]
[Black "pooh2012"]
[Result "1-0"]
[WhiteElo "2633"]
[BlackElo "2404"]
[TimeControl "180+1"]
[EndTime "14:13:11 PDT"]
[Termination "keepitcool9499 won by resignation"]

1. d4 Nf6 2. c4 e6 3. Nc3 Bb4 4. Bd2 O-O 5. e3 d5 6. Nf3 b6 7. cxd5 exd5 8. Bd3 Bb7 9. O-O Nbd7 10. Rc1 a6 11.
Ne5 Bd6 12. f4 c5 13. Qf3 b5 14. Qh3 c4 15. Bf5 Nb6 16. g4 Bc8 17. g5 Bxf5 18.
Qxf5 Ne8 19. Rf3 g6 20. Qh3 Bxe5 21. dxe5 Ng7 22. Ne2 Nd7 23. Nd4 Nc5 24. Bb4 Nd3 25. Bxf8 Qxf8 26. Rcf1 Qe7 27. Qh6 Qf8 28. Rh3 Nh5 29.
Rxh5 gxh5 30. Qxh5 Nxb2 31. Nf5 Nd3 32. Nh6+ Kg7 33. f5 Ra7 34. f6+ Kh8 35. Nxf7+ Rxf7 36. e6 Qc5 37. exf7 Qxe3+ 38. Kh1 Qe4+ 39. Qf3 Nf2+ 40. Rxf2 Qe1+ 41. Rf1 1-0

[Event "*** SCC Grand Prix: Titled Tuesday Blitz"]
[Site "Chess.com"]
[Date "2020.08.04"]
[Round "3"]
[White "BeanScreen"]
[Black "Stormeman100100"]
[Result "1-0"]
[WhiteElo "2712"]
[BlackElo "2444"]
[TimeControl "180+1"]
[EndTime "14:13:12 PDT"]
[Termination "BeanScreen won by resignation"]

1. e4 c5 2. Nf3 d6 3. d4 cxd4 4. Nxd4 Nf6 5. Nc3 a6 6. Be3 e5 7. Nb3 Be7 8. h3 O-O 9. f4 exf4 10. Bxf4 Nc6 11. Qe2 Be6 12. O-O-O Na5 13. e5 Nd7 14.
exd6 Bf6 15. Ne4 Nc4 16. Nd4 Qa5 17. Nxf6+ Nxf6 18. Nxe6 Nxb2 19. Kxb2 Qb4+ 20. Kc1 Ne4 21. Be5 fxe6 22. Qc4 Qa3+ 23. Bb2 Qe3+ 24. Kb1 Nd2+ 25. Rxd2 Qxd2 26. Bd3 Qxg2 27. Qxe6+ Kh8 28. Rd1 Rae8 29. Qg4 Qxg4 30. hxg4 Rd8 31. Bf5 Kg8 32. Be6+ Kh8 33. d7 h6 34. Rh1 Kh7 35. Ba3 Rf6 36.
Bf5+ Rxf5 37. gxf5 Rxd7 38. Bb2 Rf7 39. Rg1 h5 40. Rg5 Kh6 41. Bc1 Kh7 42. Rxh5+ Kg8 43. Bb2 Kf8 44. Rh8+ Ke7 45. Rg8 Rxf5 46. Rxg7+ Kd6 47.
Rxb7 Rf1+ 48. Bc1 Kc6 49. Rb3 a5 50. Kb2 Kc5 51. a4 Kc4 52. Rb5 Rf3 53. Rxa5 Kb4 54. Bd2+ Kc4 55. Rb5 Rg3 56. Rb3 Rh3 57. Rxh3 Kc5 58.
Rb3 1-0

[Event "*** SCC Grand Prix: Titled Tuesday Blitz"]
[Site "Chess.com"]
[Date "2020.08.04"]
[Round "3"]
[White "FMOlexandrProhorov"]
[Black "anpospan"]
[Result "0-1"]
[WhiteElo "2104"]
[BlackElo "2324"]
[TimeControl "180+1"]
[EndTime "14:13:12 PDT"]
[Termination "anpospan won by resignation"]

1. Nf3 c5 2. e4 Nc6 3. c3 g6 4. d4 cxd4 5. cxd4 Bg7 6. Nc3 d6 7.
h3 Nf6 8. Bd3 O-O 9. O-O a6 10.
Re1 e5 11. dxe5 Nxe5 12. Nxe5 dxe5 13. Bg5 Be6 14. Qe2 b5 15. Red1 Qb6 16. Be3 Qb7 17.
Rac1 Rac8 18. g4 Bc4 19. f3 Rfd8 20. b3 Bxd3 21. Rxd3 Rxd3 22. Qxd3 Bf8 23. Rd1 Be7 24. Bg5 Rd8 25. Qe3 Rxd1+ 26. Nxd1 Qd7 27. Nc3 b4 28. Na4 Qd1+ 29. Kg2 Qc2+ 30. Qf2 Qd1 31. h4 h5 32. gxh5 gxh5 33. Nb6 Kh7 34. Bxf6 Bxf6 35.
Nd5 Bg7 36. f4 Qg4+ 37. Qg3 Qe2+ 38. Kh3 Qxe4 39. Ne7 exf4 40. Qg5 Qe3+ 41. Kh2 Qe2+ 42. Kh3 Qf3+ 43. Kh2 Qg4 44. Qc5 Qxh4+ 45. Kg2 Qg4+ 46. Kh2 f3 47. Qc2+ Kh8 48. Qc8+ Qxc8 49. Nxc8 Be5+ 50.
Kg1 h4 0-1

[Event "*** SCC Grand Prix: Titled Tuesday Blitz"]
[Site "Chess.com"]
[Date "2020.08.04"]
[Round "3"]
[White "kasparicy"]
[Black "frederiksvane"]
[Result "0-1"]
[WhiteElo "2371"]
[BlackElo "2570"]
[TimeControl "180+1"]
[EndTime "14:13:13 PDT"]
[Termination "frederiksvane won by resignation"]

1. e4 c5 2. Nf3 g6 3. d4 cxd4 4. Nxd4 Bg7 5. Nc3 Nc6 6. Be3 Nf6 7. Be2 O-O 8. Nb3 d6 9. O-O Be6 10. f4 Qd7 11. Qe1 a5 12. Rd1 a4 13. Nd4 Nxd4 14.
Bxd4 Rfc8 15. Kh1 Bc4 16. e5 dxe5 17. fxe5 Ne8 18. Ne4 Bxe2 19. Qxe2 Qc6 20. c3 Nc7 21. Ng5 Rf8 22. Rf2 Ne6 23. Ne4 Ra5 24. Nd2 Rd5 25.
Nf3 Rfd8 26. h3 b5 27. a3 Qc4 28. Qe3 Qb3 29. Qe4 Qxd1+ 30. Kh2 Nxd4 31. Nxd4 Rxd4 32. cxd4 Qxd4 33. Qf3 Bxe5+ 34. g3 Bf6 35. h4 Qe5 36. Kh3 Qd6 37. h5 Qd7+ 38. Kg2 Qd6 39. hxg6 hxg6 40. Kh3 Qd5 41. Qe3 Qh5+ 42. Kg2 Rd1 43. Rf1 Qd5+ 44. Kg1 Bd4 0-1

[Event "*** SCC Grand Prix: Titled Tuesday Blitz"]
[Site "Chess.com"]
[Date "2020.08.04"]
[Round "3"]
[White "Joshukid"]
[Black "Konavets"]
[Result "0-1"]
[WhiteElo "2713"]
[BlackElo "3070"]
[TimeControl "180+1"]
[EndTime "14:13:14 PDT"]
[Termination "Konavets won by resignation"]

1. Nf3 Nf6 2. c4 g6 3. b3 Bg7 4.
Bb2 O-O 5. g3 d6 6. d4 Nbd7 7.
Bg2 e5 8. dxe5 Ng4 9. O-O Ndxe5 10. Nc3 Nxf3+ 11. Bxf3 Ne5 12. Bg2 a5 13. Qd2 a4 14.
Nxa4 Nxc4 15. bxc4 Rxa4 16. Bxg7 Kxg7 17. Bxb7 Bxb7 18. Qb2+ Qf6 19. Qxb7 Rxc4 20. a4 Qd8 21.
a5 Qa8 22. a6 Qxb7 23. axb7 Rb4 24. Rfb1 Rxb1+ 25. Rxb1 Rb8 26. Kg2 Kf6 27. Kf3 Ke5 28.
Rb5+ Kd4 29. Kf4 f6 30. e4 Kc4 31. Rb1 Kc5 32. g4 h6 33. h4 Kc6 34. h5 gxh5 35.
gxh5 Rxb7 36. Rg1 Rb5 37. Rg6 Rxh5 38. Rxf6 Kc5 39. Kg4 Rh1 40. f4 Kd4 41. Re6 h5+ 42. Kg3 Rg1+ 43. Kh3 Rf1 44. f5 d5 45. exd5 Kxd5 46.
Rf6 c5 47. Rf8 Ke5 48. Rc8 Rc1 49. Rf8 c4 50. f6 Ke6 51. Kh2 c3 52. f7 Ke7 53. Rh8 Kxf7 54. Rxh5 Ke6 55. Rc5 Kd6 56. Rc8 Kd5 57. Kg2 Kd4 58. Rd8+ Ke3 59. Re8+ Kd2 60. Rd8+ Kc2 61. Kf2 Rd1 62. Rb8 Rd7 63. Ke3 Re7+ 64. Kf2 Kc1 65. Rc8 c2 66. Rb8 Re5 67. Kf3 Kd2 68.
Kf4 Rc5 69. Rd8+ Kc3 0-1

[Event "*** SCC Grand Prix: Titled Tuesday Blitz"]
[Site "Chess.com"]
[Date "2020.08.04"]
[Round "3"]
[White "Msb2"]
[Black "PotapovaM"]
[Result "0-1"]
[WhiteElo "2799"]
[BlackElo "2540"]
[TimeControl "180+1"]
[EndTime "14:13:15 PDT"]
[Termination "PotapovaM won by checkmate"]

1. d4 Nf6 2. c4 e6 3. Nc3 Bb4 4. e3 O-O 5. Bd2 b6 6. Nf3 d5 7. cxd5 exd5 8. Bd3 Ba6 9. Bxa6 Nxa6 10. O-O c5 11. a3 Bxc3 12. Bxc3 c4 13. a4 Qe7 14. Nd2 Rfe8 15. b3 Rac8 16. bxc4 dxc4 17. Qf3 Ne4 18.
Nxe4 Qxe4 19. Qxe4 Rxe4 20. Rfe1 Rce8 21. Bd2 f5 22. Rac1 Rc8 23. f3 Re7 24. e4 Kf7 25. Kf2 Rec7 26. Bf4 Rd7 27. Be5 c3 28. d5 c2 29. Ke3 Nb4 30. Kd2 Nxd5 31. exf5 Nb4+ 32. Ke2 Nd3 33. f4 Nxe1 34. Kxe1 Rc4 35. Ke2 a6 36. g4 b5 37. axb5 axb5 38. h4 b4 39. h5 b3 40.
g5 Rb7 41. g6+ hxg6 42. fxg6+ Ke6 43. Bb2 Kf5 44. Kd3 Rxf4 45. Re1 Rf3+ 46. Kc4 Rc7+ 47. Kb4 Rb7+ 48. Kc4 Rc7+ 49. Kd5 Rd3+ 50. Bd4 Rxd4+ 51.
Kxd4 c1=Q 52. Re5+ Kf4 53. Re4+ Kf3 54. h6 Qd2+ 55.
Ke5 Re7+ 56. Kf5 Qd5+ 57. Re5 Qxe5# 0-1

[Event "*** SCC Grand Prix: Titled Tuesday Blitz"]
[Site "Chess.com"]
[Date "2020.08.04"]
[Round "3"]
[White "StoreySniper"]
[Black "kosya4ok"]
[Result "1-0"]
[WhiteElo "2465"]
[BlackElo "2718"]
[TimeControl "180+1"]
[EndTime "14:13:15 PDT"]
[Termination "StoreySniper won by resignation"]

1. e4 e5 2. Nc3 Nf6 3. g3 Nc6 4. Bg2 Bc5 5. d3 d6 6. Nge2 a6 7.
h3 Be6 8. Nd5 h6 9. c4 Nd4 10.
Nxd4 Bxd4 11. Be3 Nxd5 12. Bxd4 Nf4 13. gxf4 exd4 14. f5 Bd7 15. Qg4 g6 16. O-O-O Qf6 17. Rhe1 O-O-O 18. Qf3 gxf5 19. exf5 Qg5+ 20. Kc2 Bc6 21.
Re4 Rhg8 22. Bh1 Rde8 23. Rde1 Re5 24. f6 Bxe4 25. Rxe4 c6 26. Rg4 Rf5 27. Rxg5 Rgxg5 28. Qe2 Re5 29. Qd2 Kc7 30. f4 Rgf5 31. fxe5 dxe5 32.
Be4 Rxf6 33. Qg2 Rf4 34. Kb3 Kd6 35. Qg7 b5 36. Qxh6+ Kc7 37. c5 Kd7 38. Qf8 f5 39.
Qd6+ Ke8 40. Qxe5+ Kf7 41. Qxf4 1-0